 Dungeon Crawl Stone Soup version 0.19.4-8-ga85b6b9 (webtiles) character file.

56 Kosschaser the Sneak (level 3, 0/18 HPs)
             Began as a Vine Stalker Assassin on Feb 13, 2017.
             Slain by an adder (4 damage)
             ... on level 2 of the Dungeon.
             The game lasted 00:10:23 (2056 turns).

Kosschaser the Sneak (Vine Stalker Assassin)        Turns: 2056, Time: 00:10:23

Health: 0/18       AC:  3    Str: 14    XL:     3   Next: 97%
Magic:  0/4        EV: 12    Int: 11    God:
Gold:   30         SH:  0    Dex: 15    Spells: 0 memorised, 2 levels left

rFire  . . .     SeeInvis .     a - +2 dagger
rCold  . . .     Gourm    .     c - +0 robe
rNeg   . . .     Faith    .     (no shield)
rPois  .         Spirit   +     (no helmet)
rElec  .         Reflect  .     d - +0 cloak
rCorr  .         Harm     .     (no gloves)
MR     .....                    (no boots)
Stlth  +++.......               (no amulet)
                                (no ring)
                                (no ring)

@: lethally poisoned (0 -> -6)
A: fangs 2, magic shield, antimagic bite, no device heal 3, rot immunity
a: no special abilities


You were on level 2 of the Dungeon.
You were hungry.

You visited 1 branch of the dungeon, and saw 2 of its levels.

You collected 30 gold pieces.

Inventory:

Hand Weapons
 a - a +2 dagger (weapon)
 b - a +0 blowgun
Missiles
 e - 14 poisoned needles
 f - 2 curare-tipped needles
Armour
 c - a +0 robe (worn)
 d - a +0 cloak (worn)
Scrolls
 h - a scroll of recharging {unknown}
 m - a scroll of enchant weapon
Potions
 i - a potion of lignification {unknown}
 j - 2 potions of curing
 k - a potion of cancellation {unknown}
 n - 2 potions of brilliance {unknown}
Comestibles
 g - a bread ration


   Skills:
 + Level 2.0 Fighting
 + Level 2.1 Short Blades
 + Level 1.7 Throwing
 + Level 1.0 Dodging
 + Level 6.2 Stealth


You had 2 spell levels left.
You didn't know any spells.

Dungeon Overview and Level Annotations

Branches:
Dungeon (2/15)

Altars:
Fedhas
Uskayaw
Zin

Annotations:
D:2 exclusion: oklob plant


Innate Abilities, Weirdness & Mutations

You have extremely sharp teeth.
When hurt, damage is shared between your health and your magic reserves.
Your bite disrupts and absorbs the magic of your enemies.
Potions and wands cannot restore your health.
You are immune to rotting.


Message History

The adder is moderately wounded.
The adder bites you but does no damage.
You miss the adder. Your bite misses the adder.
The adder is moderately wounded.
The adder bites you.
You are poisoned.
The adder poisons you!
You miss the adder. Your bite misses the adder.
The adder is moderately wounded.
You feel sick. The adder bites you. x2
* * * LOW HITPOINT WARNING * * *
You barely miss the adder.
The adder is moderately wounded.
The adder bites you.
* * * LOW HITPOINT WARNING * * *
You barely miss the adder.
The adder is moderately wounded.
* * * LOW HITPOINT WARNING * * *
You feel sick. The adder bites you.
You die...

........#.'.._..'.#
#.#....#
.#......#.#######.#
#...##.#
.######.#.# ### #.#
##.###.# .#
#...#######.# #.#
#.# .#
##.#.........# #.#
#.# .#
#......#.#.### #.#
#.##### .#
#........#.# #.#
#.....# ##
#.#####.#..######.#
#####.## #.#
#(..S@......#
##...# ### #.#
#####.#########
#.#.#. #_###>#
#.........(# #...#.
###†##.#
#.###.####.# #.###)
.#.#.#.# #.# #.#
#.# #....# ..##.#.#
#.# #.# #.# #.####
###.##.# #.# #.#
#.# #.# ##.###.#
#.# #.####.# #.#
#†####.# #.#
#...##<# #†#


You could see an adder.

Vanquished Creatures
  An adder (D:2)
  3 worms (D:2)
  A dart slug (D:2)
  2 ball pythons
  5 hobgoblins
  4 jackals (D:2)
  A quokka (D:2)
  6 bats
  A frilled lizard (D:2)
  A goblin (D:2)
  5 kobolds
  8 rats
  A plant (D:2)
39 creatures vanquished.

Notes
Turn   | Place    | Note
-------+----------+-------------------------------------------
     0 | D:1      | Kosschaser the Vine Stalker Assassin began the quest for the Orb.
     0 | D:1      | Reached XP level 1. HP: 11/11 MP: 2/2
    42 | D:1      | Reached skill level 5 in Stealth
   370 | D:1      | Reached XP level 2. HP: 5/15 MP: 3/3
   872 | D:2      | Found a hide-covered altar of Uskayaw.
   991 | D:2      | Found a blossoming altar of Fedhas.
  1012 | D:2      | Noticed an oklob plant
  1132 | D:2      | Found a glowing silver altar of Zin.
  1136 | D:2      | Reached XP level 3. HP: 18/18 MP: 4/4
  1303 | D:2      | Reached skill level 1 in Dodging
  1500 | D:2      | Reached skill level 6 in Stealth
  2056 | D:2      | Slain by an adder

Skill      XL: |  1  2  3 |
---------------+----------+-----
Stealth        | 5 6 |  6.2
Short Blades   | 2 |  2.1
Fighting       | 2 |  2.0
Dodging        | 1 |  1.0
Throwing       | |  1.7

Action                   || total
-------------------------++-------
Melee: Dagger            ||   183
       Bite              ||    68
 Fire: Blowgun           ||    10
  Use: Scroll            ||     4
 Stab: Sleeping          ||    14
  Eat: Chunk             ||     3
Armor: Robe              ||    38
Dodge: Dodged            ||    69
